 Dungeon Crawl Stone Soup version 0.30-a0-1043-g60ff8d5f49 (webtiles) character file.

Game seed: 6331732699403467675

70 OrthodoxDeviant the Chopper (level 4, -1/40 HPs)
             Began as a Ghoul Gladiator on Apr 10, 2023.
             Killed from afar by Natasha (8 damage)
             ... with a magic dart
             ... on level 2 of the Dungeon.
             The game lasted 00:02:24 (909 turns).

OrthodoxDeviant the Chopper (Ghoul Gladiator)        Turns: 909, Time: 00:02:25

Health: -1/40      AC:  4    Str: 18 (19) XL:     4   Next: 22%
Magic:  3/3        EV: 11    Int:  3      God:
Gold:   71         SH:  0    Dex:  9 (10) Spells: 3/3 levels left

rFire   . . .      SeeInvis .    a - +0 war axe
rCold   + . .      Faith    .    (no shield)
rNeg    + + +      Spirit   .    b - +0 leather armour
rPois   ∞          Reflect  .    c - +0 helmet
rElec   .          Rampage  .    (no cloak)
rCorr   .                        (no gloves)
Will    .....                    (no boots)
Stlth   +                        (no amulet)
HPRegen 0.00/turn                (no ring)
MPRegen 0.08/turn                (no ring)

@: brilliant, inhibited regen, invisible
A: claws 1, cold resistance 1, negative energy resistance 3, inhibited
regeneration, torment resistance 2, devour on kill
a: no special abilities


You were on level 2 of the Dungeon.
You visited 1 branch of the dungeon, and saw 2 of its levels.

You collected 71 gold pieces.

Inventory:

Hand Weapons
 a - a +0 war axe (weapon)
Missiles
 d - 3 throwing nets (quivered)
 e - a javelin
Armour
 b - a +0 leather armour (worn)
 c - a +0 helmet (worn)
 i - the +0 chain mail of the Louse {rPois rC+}
   (You found it on level 2 of the Dungeon)

   rC:        It protects you from cold.
   rPois:     It protects you from poison.
Scrolls
 f - a scroll of blinking {unknown}
 h - a scroll of identify {unknown}
 j - a scroll of immolation {unknown}
Potions
 g - 2 potions of mutation


   Skills:
 * Level 3.7 Fighting
 * Level 3.7 Axes
 - Level 1.7 Throwing
 - Level 2.6 Dodging


You had 3 spell levels left.
You didn't know any spells.
Your spell library was empty.

Dungeon Overview and Level Annotations

Branches:
Dungeon (2/15)

Altars:

Shops:
D:1 !

Annotations:
D:2 Natasha


Innate Abilities, Weirdness & Mutations

You are immune to poison.
You have sharp fingernails.
Your flesh is cold resistant. (rC+)
You are immune to negative energy. (rN+++)
You do not regenerate when monsters are visible.
You are immune to unholy pain and torment.
You thrive by killing the living.


Message History

Natasha mumbles some strange words.
Okay, then.
Okay, then.
You hit the adder.
The adder is heavily wounded.
The adder closely misses you. The adder bites you but does no damage.
You strike the helpless adder from behind!
You slash the adder!
You kill the adder!
The adder bites you but does no damage.
You have reached level 4!
You barely miss the adder.
The adder is severely wounded.
The adder closely misses you.
You catch the helpless adder completely off-guard!
You hit the adder.
The adder is almost dead.
Natasha wildly gestures.
Natasha glows brightly for a moment.
You closely miss the adder. Your claw misses the adder.
The adder is almost dead.
The adder barely misses you.
Natasha casts a spell.
The adder barely misses you.
You catch the helpless adder completely off-guard!
You hit the adder.
You kill the adder!
Natasha misses you.
You barely miss Natasha. Natasha claws you.
* * * LOW HITPOINT WARNING * * *
You completely miss Natasha. Natasha barely misses you.
You miss Natasha. You claw Natasha.
Natasha is lightly wounded.
Natasha claws you.
* * * LOW HITPOINT WARNING * * *
You barely miss Natasha.
Natasha is lightly wounded.
Natasha stares at you and mumbles some strange words.
The magic dart hits you!
You die...

.............#
#.##+#..^.##.# #....# #
#...### #.....######
#.#####.##.5B# ##
#........#.#S# .
#######..S.#h# .#
##B###@# ##.## #..S#.#
.... #.####B#.# ..#
#...)..#.#.#######..#
.......S.#.#.).....<..#
8...8h.#.#.#######.#g##
.......#.#.# #. ...
..>...8..#.# ## ####
......$#.#


You could see Natasha, a cerulean imp (summoned, unable to see you), an adder
(unable to see you) and a giant cockroach (unable to see you).

Vanquished Creatures
  4 adders (D:2)
  2 worms (D:2)
  3 endoplasms
  5 giant cockroaches
  3 goblins
  3 hobgoblins
  A quokka (D:1)
  2 bats
  4 frilled lizards
  3 rats
30 creatures vanquished.

Vanquished Creatures (others)
  A demonic plant (D:2)
  2 fungi (D:2)
3 creatures vanquished.

Grand Total: 33 creatures vanquished

Notes
Turn   | Place    | Note
-------+----------+-------------------------------------------
     0 | D:1      | OrthodoxDeviant the Ghoul Gladiator began the quest for the
                  | Orb.
     0 | D:1      | Reached XP level 1. HP: 17/17 MP: 0/0
   129 | D:1      | Reached XP level 2. HP: 25/25 MP: 1/1
   275 | D:1      | Found Eronn's Distillery.
   521 | D:2      | Reached XP level 3. HP: 23/31 MP: 2/2
   618 | D:2      | Found a faded altar of an unknown god.
   865 | D:2      | Identified the +0 chain mail of the Louse {rPois rC+}
   884 | D:2      | Noticed Natasha
   902 | D:2      | Reached XP level 4. HP: 9/39 MP: 3/3
   909 | D:2      | Killed from afar by Natasha

Illustrated notes

Levels and vault maps discovered:
D:1:      dpeg_arrival_line_fractal, layout_rooms, serial_shops,
          nicolae_shop_behind_doors
D:2:      layout_basic, shapermc_ecumenical_altar_gd, st_stairs_10,
          chequers_avenue, grunt_ministairs_2, uniq_natasha

Skill      XL: |  1  2 |
---------------+-------+-----
Axes           | 3 |  3.7
Fighting       | 3 |  3.7
Throwing       | |  1.7
Dodging        | |  2.6

Action                     |  1- 3 |  4- 6 || total
---------------------------+-------+-------++-------
  Melee: War axe           |    94 |     8 ||   102
         Punch             |       |     1 ||     1
    Use: Potion            |     5 |       ||     5
   Stab: Invisible         |     1 |     2 ||     3
 Armour: Leather armour    |    40 |       ||    40
  Dodge: Dodged            |    76 |     5 ||    81

Table legend: (Time is in decaauts)
 A = Elapsed time spent in this place.
 B = Non-inter-level travel time spent in this place.
 C = Inter-level travel time spent in this place.
 D = Time resting spent in this place.
 E = Time spent auto-exploring this place.
 F = Levels seen in this place.
 G = Mean time per level.
                   A        B        C        D        E       F      G
               +--------+--------+--------+--------+--------+-----+--------+
         Total |    943 |    872 |     71 |      0 |    635 |   2 |  471.5 |
       Dungeon |    943 |    872 |     71 |      0 |    635 |   2 |  471.5 |
               +--------+--------+--------+--------+--------+-----+--------+

Top non-repeatable levels by time:
     D:1: 489 daAuts
     D:2: 454 daAuts
